 Dungeon Crawl Stone Soup version 0.21.1-1-g345015fe64 (webtiles) character file.

53208 Lavandula the Severer (level 14, 0/115 HPs)
             Began as a Centaur Berserker on June 16, 2018.
             Was an Elder of Trog.
             Succumbed to a water moccasin's poison
             ... on level 6 of the Lair of Beasts on June 17, 2018.
             The game lasted 01:14:39 (10701 turns).

Lavandula the Severer (Centaur Berserker)          Turns: 10701, Time: 01:14:39

Health: 0/115      AC: 17    Str: 24    XL:     14   Next: 30%
Magic:  2/16       EV:  8    Int:  6    God:    Trog [****..]
Gold:   1036       SH:  0    Dex: 10    Spells: 13/13 levels left

rFire    + + .     SeeInvis .   B - +3 battleaxe
rCold    . . .     Gourm    .   (shield currently unavailable)
rNeg     . . .     Faith    .   u - +7 chain mail "Daommul" {rF+}
rPois    .         Spirit   +   (no helmet)
rElec    .         Reflect  .   (no cloak)
rCorr    .         Harm     .   b - +0 pair of gloves
MR       +....                  (no barding)
Stlth    ..........             T - amulet of guardian spirit
HPRegen  0.29/turn              U - +2 ring of slaying
MPRegen  0.15/turn              A - ring of protection from fire

@: lethally poisoned (0 -> -2), berserk cooldown, starving, hasted and slowed,
very quick
A: large, hooves 3, deformed body, speed 2, tough skin 3
a: Berserk, Trog's Hand, Brothers in Arms, Burn Spellbooks, Renounce Religion


You were on level 6 of the Lair of Beasts.
You worshipped Trog.
Trog was greatly pleased with you.
You were starving.

You visited 3 branches of the dungeon, and saw 18 of its levels.

You collected 1962 gold pieces.
You spent 926 gold pieces at shops.

Inventory:

Hand Weapons
 m - a +0 shortbow
 p - a +2 halberd of venom
 x - a +3 broad axe of freezing
 B - a +3 battleaxe (weapon)
 K - a +0 hand axe of flaming
Missiles
 h - 14 curare-tipped needles
 v - 193 arrows
 J - 5 poisoned tomahawks (quivered)
Armour
 b - a +0 pair of gloves (worn)
 q - a +2 leather armour of positive energy
 u - the +7 chain mail "Daommul" (worn) {rF+}
   (You found it on level 7 of the Dungeon)

   It protects you from fire.
Jewellery
 r - an uncursed ring of ice
 s - an uncursed amulet of the gourmand {unknown}
 A - a ring of protection from fire (right hand)
 D - an uncursed ring of resist corrosion
 E - an uncursed ring of protection from cold
 G - an uncursed ring of ice
 T - an amulet of guardian spirit (around neck)
 U - a +2 ring of slaying (left hand)
Wands
 f - a wand of random effects (22)
 z - a wand of polymorph (18)
 I - a wand of digging (10)
 L - a wand of paralysis (10)
 S - a wand of flame (23)
Scrolls
 a - a scroll of vulnerability {unknown}
 d - 4 scrolls of enchant weapon
 e - 5 scrolls of teleportation
 g - a scroll of fear
 i - a scroll of amnesia {unknown}
 k - 4 scrolls of remove curse
 l - 2 scrolls of noise {unknown}
 H - a scroll of summoning {unknown}
 O - a scroll of fog {unknown}
Potions
 n - 3 potions of berserk rage
 o - a potion of degeneration
 w - 2 potions of ambrosia
 F - a potion of resistance
 M - a potion of agility {unknown}
 N - a potion of flight
 Q - 2 potions of haste
Books
 y - Sif Muna's Incunabulum of Doomed Cold
   (You found it on level 9 of the Dungeon)

   Spells                             Type                      Level
   a - Freeze                         Ice                          1
   b - Vampiric Draining              Necromancy                   3
   c - Animate Dead                   Necromancy                   4
   d - Simulacrum                     Ice/Necromancy               6
   e - Ozocubu's Refrigeration        Ice                          6
   Trog disapproves of the use of such an item.
 C - a book of Geomancy

   Spells                             Type                      Level
   a - Sandblast                      Earth                        1
   b - Passwall                       Transmutation/Earth          2
   c - Stone Arrow                    Conjuration/Earth            3
   d - Petrify                        Transmutation/Earth          4
   e - Lee's Rapid Deconstruction     Earth                        5
   Trog disapproves of the use of such an item.
Miscellaneous
 t - a phial of floods
Comestibles
 c - 29 rations
 j - 5 chunks of flesh


   Skills:
 - Level 8.0 Fighting
 + Level 17.8 Axes
 - Level 5.5 Armour
 - Level 6.0 Dodging
   Level 4.8 Shields
 - Level 3.8 Evocations


You had 13 spell levels left.
You didn't know any spells.

Dungeon Overview and Level Annotations

Branches:
Dungeon (10/15)            Temple (0/1) D:6            Lair (6/6) D:8
 Shoals (0/4) Lair:4        Snake (0/4) Lair:4        Slime (0/5) Lair:5
    Orc (2/2) D:10            Elf (0/3) Orc:2

Altars:
Dithmenos
Gozag
Sif Muna
Vehumet
Yredelemnul
The Shining One

Shops:
Orc:1 (:*(   Orc:2 [=%%*%=

Annotations:
D:4 Naru's ghost, amateur MiFi
Lair:5 exclusion: 2 oklob plants
Lair:6 Snorg


Innate Abilities, Weirdness & Mutations

You have hooves in place of feet.
Armour fits poorly on your strangely shaped body.
You cover ground very quickly.
You have extremely tough skin. (AC +3)


Message History

You feel sick.
* * * LOW HITPOINT WARNING * * *
You feel sick.
Snorg rages.
You see here a chain mail.
Snorg rages.
* * * LOW HITPOINT WARNING * * *
You feel sick.
Okay, then.
Evoke which item? (* to show all) (? for menu, Esc to quit)
Okay, then.
Okay, then.
Okay, then.
Okay, then.
Unknown command.
Unknown command.
Okay, then.
* * * LOW HITPOINT WARNING * * *
You feel sick.
You die...

#....#..# ###### ###.##
.....##### ## ###
......##.########.#### #
.....................#.#
.......................##
........................###
..##........##†...........#
...#.P...P..#............#
...##......##...@##......#
...........#....###......#
#...##....##..T##......#
##........#...##......##
.##..##..##..##..S....##
..##..# #.S##...Y..Y..##
...##.# ##.##.Y.Y.###...#
#..
#####..#....###..YY......
###
##....[..###....Y.......


You could see Snorg (berserk) and a black mamba.

Vanquished Creatures
  An orc warlord (Orc:2)
  3 hydras
  An ice dragon (Lair:6)
  2 centaur warriors (D:9)
  6 two-headed ogres
  An orc high priest (Orc:2)
  3 lindwurms
  4 orc knights (Orc:2)
  Pikel (D:8)
  An ugly thing (D:7)
  A cyclops (D:9)
  A wolf spider (Lair:6)
  2 orc sorcerers
  12 elephants (Lair:6)
  A merfolk siren (Lair:4)
  11 black mambas
  A guardian serpent (Lair:6)
  5 torpor snails (Lair:6)
  Psyche (D:8)
  10 spiny frogs
  A freezing wraith (D:9)
  4 komodo dragons
  3 trolls
  3 tyrant leeches (Lair:6)
  A polar bear (Lair:3)
  8 hornets (Lair:6)
  4 blink frogs
  4 hippogriffs
  A redback (Lair:6)
  27 yaks
  8 wyverns
  Sigmund (D:6)
  4 hogs (D:9)
  A human (D:9)
  3 basilisks
  4 wargs
  Menkaure (D:5)
  23 water moccasins
  10 porcupines
  A necrophage (D:6)
  2 ice beasts (D:9)
  2 sky beasts (D:7)
  5 black bears
  21 orc warriors
  7 ogres
  15 wolves
  2 centaurs
  5 crocodiles
  A big kobold (D:9)
  9 bullfrogs
  A scorpion (D:8)
  A killer bee (D:9)
  4 wights (D:7)
  5 crimson imps
  A bullfrog zombie (D:10)
  A quasit (D:7)
  A hound (D:9)
  3 jellies (Lair:5)
  6 gnoll shamans (D:6)
  15 orc priests
  16 orc wizards
  A bullfrog skeleton (D:9)
  A centaur skeleton (D:9)
  3 iguanas
  5 worker ants
  A killer bee zombie (D:6)
  A hound skeleton (D:7)
  12 adders
  24 gnolls
  A howler monkey skeleton (D:6)
  2 shadow imps
  3 oozes (Lair:5)
  2 worms
  A dart slug (D:5)
  3 leopard geckos
  53 orcs
  2 giant cockroaches
  2 goblins
  2 hobgoblins (D:2)
  13 jackals
  2 kobolds (D:3)
  2 quokkas
  2 frilled lizards
  A giant cockroach zombie (D:6)
  A jackal skeleton (D:7)
  A quokka skeleton (D:6)
  A rat (D:2)
  11 fungi
  12 plants
468 creatures vanquished.

Vanquished Creatures (collateral kills)
  An orc warlord (Orc:1)
  2 orc high priests (Orc:2)
  3 orc sorcerers
  A troll (Orc:1)
  2 orc warriors (Orc:2)
  3 orc priests
  An orc wizard (Orc:2)
  4 orcs
17 creatures vanquished.

Vanquished Creatures (others)
  4 blink frogs (Lair:5)
  A water moccasin (Lair:5)
  2 slaves (D:8)
  3 orcs
  22 fungi
  35 plants
67 creatures vanquished.

Grand Total: 552 creatures vanquished

Notes
Turn   | Place    | Note
-------+----------+-------------------------------------------
     0 | D:1      | Lavandula the Centaur Berserker began the quest for the Orb.
     0 | D:1      | Reached XP level 1. HP: 19/19 MP: 1/1
     3 | D:2      | Found an opulent altar of Gozag.
    61 | D:2      | Reached skill level 3 in Axes
   170 | D:3      | Reached XP level 2. HP: 26/26 MP: 2/2
   215 | D:3      | Found a glowing golden altar of the Shining One.
   567 | D:3      | Reached XP level 3. HP: 31/31 MP: 3/3
   644 | D:4      | Noticed Naru's ghost (amateur MiFi)
   657 | D:5      | Entered Level 5 of the Dungeon
   704 | D:5      | Noticed Menkaure
   710 | D:5      | Killed Menkaure
   710 | D:5      | Reached skill level 5 in Axes
   710 | D:5      | Reached XP level 4. HP: 38/38 MP: 4/4
   710 | D:5      | Reached XP level 5. HP: 45/45 MP: 5/5
   746 | D:5      | Noticed a two-headed ogre
   773 | D:5      | Killed a two-headed ogre
   773 | D:5      | Reached skill level 8 in Axes
   773 | D:5      | Reached XP level 6. HP: 42/51 MP: 6/6
   773 | D:5      | Reached XP level 7. HP: 47/57 MP: 7/7
   840 | D:5      | Found a deep blue altar of Sif Muna.
   928 | D:5      | Reached skill level 1 in Shields
  1000 | D:6      | Reached ** piety under Trog
  1048 | D:6      | Reached XP level 8. HP: 40/63 MP: 8/8
  1363 | D:6      | Noticed Sigmund
  1378 | D:6      | Killed Sigmund
  1456 | D:7      | Found a shadowy altar of Dithmenos.
  1525 | D:7      | HP: 3/63 [something (6)]
  1741 | D:7      | Reached skill level 9 in Axes
  1785 | D:7      | Reached *** piety under Trog
  1842 | D:7      | Reached XP level 9. HP: 20/70 MP: 9/9
  1992 | D:7      | Got a scorched chain mail
  2003 | D:7      | Identified the +7 chain mail "Daommul" {rF+} (You found it on level 7 of the Dungeon)
  2112 | D:7      | Noticed a red ugly thing
  2122 | D:7      | Killed a red ugly thing
  2122 | D:7      | Reached skill level 10 in Axes
  2251 | D:6      | Found a staircase to the Ecumenical Temple.
  2655 | D:8      | Found a staircase to the Lair.
  2735 | D:7      | Reached **** piety under Trog
  2781 | D:9      | Noticed a two-headed ogre
  2783 | D:9      | Identified Sif Muna's Incunabulum of Doomed Cold
  2785 | D:9      | Noticed a two-headed ogre
  2811 | D:9      | Killed a two-headed ogre
  2811 | D:9      | Reached XP level 10. HP: 70/83 MP: 10/10
  2814 | D:9      | Killed a two-headed ogre
  3048 | D:9      | Found a radiant altar of Vehumet.
  3277 | D:9      | Reached skill level 11 in Axes
  3296 | D:9      | Noticed a cyclops
  3297 | D:9      | Noticed a centaur warrior
  3306 | D:9      | Killed a centaur warrior
  3311 | D:9      | Killed a cyclops
  3395 | D:9      | Reached XP level 11. HP: 42/94 MP: 11/11
  3502 | D:9      | Noticed a centaur warrior
  3706 | D:8      | Noticed Psyche
  3716 | D:8      | Killed Psyche
  3847 | D:9      | Reached ***** piety under Trog
  3883 | D:10     | Entered Level 10 of the Dungeon
  3892 | D:10     | Noticed a two-headed ogre
  3907 | D:10     | Killed a two-headed ogre
  3907 | D:10     | Reached skill level 5 in Armour
  4013 | D:10     | Reached skill level 12 in Axes
  4145 | D:10     | Found a staircase to the Orcish Mines.
  4191 | Orc:1    | Entered Level 1 of the Orcish Mines
  4191 | Orc:1    | Found Fuuh's Book Shoppe.
  4191 | Orc:1    | Found Ethush's Weapon Boutique.
  4204 | Orc:1    | Found Qenlupoa's Assorted Antiques.
  4209 | Orc:1    | Bought a sedimented blue potion for 23 gold pieces
  4209 | Orc:1    | Bought a golden potion for 23 gold pieces
  4209 | Orc:1    | Bought an amethyst potion for 23 gold pieces
  4209 | Orc:1    | Bought a scroll labeled TINIAWOSCH for 26 gold pieces
  4371 | Orc:1    | Noticed an orc sorcerer
  4387 | Orc:1    | Killed an orc sorcerer
  4397 | Orc:1    | Noticed an orc warlord
  4397 | Orc:1    | Noticed an orc sorcerer
  4436 | Orc:1    | Killed an orc sorcerer
  4442 | Orc:1    | Killed an orc warlord
  4470 | Orc:1    | Reached skill level 13 in Axes
  4647 | Orc:1    | Found Unaowao's Weapon Emporium.
  4712 | Orc:2    | Entered Level 2 of the Orcish Mines
  4714 | Orc:2    | Found Suyfatul's Jewellery Shop.
  4765 | Orc:2    | Found a staircase to the Elven Halls.
  4931 | Orc:2    | Noticed an orc warlord
  4983 | Orc:2    | Killed an orc warlord
  5048 | Orc:2    | Found Venaume's Armour Shop.
  5256 | Orc:2    | Found Gassyney's Food Shoppe.
  5513 | Orc:1    | Noticed an orc knight
  5548 | Orc:2    | Noticed an orc knight
  5584 | Orc:2    | Killed an orc knight
  5584 | Orc:2    | Reached XP level 12. HP: 101/101 MP: 14/14
  5651 | Orc:2    | Noticed an orc high priest
  5693 | Orc:2    | Noticed an orc high priest
  5719 | Orc:2    | Killed an orc high priest
  5771 | Orc:2    | Reached skill level 14 in Axes
  5820 | Orc:2    | Killed an orc high priest
  5835 | Orc:2    | Noticed an orc high priest
  5846 | Orc:2    | Killed an orc high priest
  5879 | Orc:2    | Found Weufuoph's Food Boutique.
  5879 | Orc:2    | Found Dicwal's Jewellery Shoppe.
  5881 | Orc:2    | Found Uxenlao's Assorted Antiques.
  5881 | Orc:2    | Found Finakk's Food Shoppe.
  5889 | Orc:2    | Bought a bubbling grey potion for 24 gold pieces
  5889 | Orc:2    | Bought a purple potion for 24 gold pieces
  5889 | Orc:2    | Bought an encrusted iron wand for 108 gold pieces
  5892 | Orc:2    | Bought an uncursed amulet of guardian spirit for 360 gold pieces
  5949 | Orc:2    | Bought a +2 ring of slaying for 315 gold pieces
  5990 | D:10     | Noticed a two-headed ogre
  6008 | D:10     | Killed a two-headed ogre
  6040 | D:9      | Killed a centaur warrior
  6121 | D:8      | Noticed Pikel
  6125 | D:8      | Killed Pikel
  6153 | D:8      | Noticed a two-headed ogre
  6165 | D:8      | Killed a two-headed ogre
  6223 | Lair:1   | Entered Level 1 of the Lair of Beasts
  6253 | Lair:1   | Reached skill level 15 in Axes
  6504 | Lair:2   | Noticed an eight-headed hydra
  6850 | Lair:3   | Found a basalt altar of Yredelemnul.
  6951 | Lair:3   | Reached XP level 13. HP: 71/107 MP: 15/15
  7012 | Lair:3   | Reached skill level 16 in Axes
  7234 | Lair:4   | Found a staircase to the Snake Pit.
  7276 | Lair:4   | Found a staircase to the Shoals.
  7443 | Lair:4   | Received a gift from Trog
  7660 | Lair:5   | Found a staircase to the Slime Pits.
  7799 | Lair:6   | Entered Level 6 of the Lair of Beasts
  8125 | Lair:6   | Noticed Snorg
  8825 | Lair:6   | Reached skill level 5 in Dodging
  9516 | Lair:6   | Reached skill level 17 in Axes
  9595 | Lair:6   | Reached XP level 14. HP: 38/115 MP: 5/16
 10021 | Lair:6   | Found a runed door.
 10687 | Lair:6   | HP: 4/115 [Snorg (2)]
 10693 | Lair:6   | HP: 2/115 [poisoned by a water moccasin]
 10698 | Lair:6   | HP: 1/115 [poisoned by a water moccasin]
 10701 | Lair:6   | Succumbed to a water moccasin's poison

Skill      XL: |  1  2  3  4  5  6  7  8  9 10 11 12 13 |
---------------+----------------------------------------+-----
Axes           | 3 5 8 9 10 11 13 15 17 | 17.8
Shields        | 2 4 |  4.8
Fighting       | 6 8 |  8.0
Armour         | 3 5 |  5.5
Evocations     | 3 |  3.8
Dodging        | 6 |  6.0

Action                   |  1- 3 |  4- 6 |  7- 9 | 10-12 | 13-15 || total
-------------------------+-------+-------+-------+-------+-------++-------
Melee: Hand axe          |    44 |     4 |    97 |       |    10 ||   155
       Kick              |     7 |     1 |    56 |   139 |   133 ||   336
       Halberd           |       |       |   148 |   406 |       ||   554
       Battleaxe         |       |       |       |   156 |   110 ||   266
       Broad axe         |       |       |       |       |   269 ||   269
Throw: Tomahawk          |       |       |       |     9 |    23 ||    32
Invok: Berserk           |     2 |     1 |    12 |    26 |    28 ||    69
       Trog's Hand       |       |       |     4 |     3 |     5 ||    12
       Brothers in Arms  |       |       |       |     7 |       ||     7
Evoke: Wand              |       |     2 |     4 |    26 |     8 ||    40
  Use: Scroll            |       |       |     3 |     1 |     8 ||    12
       Potion            |       |       |       |       |     7 ||     7
  Eat: Chunk             |       |     1 |    15 |    39 |    19 ||    74
       Ration            |       |       |     1 |       |     5 ||     6
Armor: Animal skin       |     3 |       |       |       |       ||     3
       Ring mail         |     8 |       |    28 |       |       ||    36
       Leather armour    |       |       |    16 |       |       ||    16
       Chain mail        |       |       |    56 |   229 |   199 ||   484
       Skin              |       |       |       |       |     2 ||     2
Dodge: Dodged            |    22 |     3 |   113 |   123 |   109 ||   370
